 Dungeon Crawl Stone Soup version 0.18.1-48-g4cf74bf (webtiles) character file.

103 PossumBlood the Skirmisher (level 5, -3/43 HPs)
             Began as a Formicid Fighter on Aug 22, 2016.
             Slain by an ice beast (9 damage)
             ... on level 4 of the Dungeon.
             The game lasted 00:02:36 (1577 turns).

PossumBlood the Skirmisher (Formicid Fighter)       Turns: 1577, Time: 00:02:37

Health: -3/43      AC:  7    Str: 21    XL:     5   Next: 6%
Magic:  5/5        EV:  8    Int:  8    God:
Gold:   128        SH:  9    Dex: 10    Spells: 0 memorised, 4 levels left

rFire  . . .     SeeInvis +     a - +0 war axe
rCold  . . .     Gourm    .     b - +0 scale mail
rNeg   . . .     Faith    .     c - +0 shield
rPois  .         Spirit   .     (helmet unavailable)
rElec  .         Dismiss  .     (no cloak)
rCorr  .         Reflect  .     (no gloves)
SustAt .         Harm     .     (no boots)
MR     .....                    e - amulet of rage (curse)
Stlth  ..........               (no ring)
                                (no ring)

@: not resistant to hostile enchantments, extremely unstealthy
A: permanent stasis, dig shafts and tunnels, four strong arms, antennae 3
a: Dig, Shaft Self


You were on level 4 of the Dungeon.
You were not hungry.

You visited 1 branch of the dungeon, and saw 3 of its levels.

You collected 128 gold pieces.

Inventory:

Hand Weapons
 a - a +0 war axe (weapon)
Armour
 b - a +0 scale mail (worn)
 c - a +0 shield (worn)
Jewellery
 e - a cursed amulet of rage (around neck)
Scrolls
 k - 3 scrolls of teleportation {unknown}
 o - a scroll of identify {unknown}
Potions
 d - a potion of might
 g - a potion of brilliance {unknown}
 h - a potion of magic {unknown}
 i - a potion of curing {unknown}
 p - a potion of lignification {unknown}
Comestibles
 f - 6 bread rations
 j - a meat ration
 l - a beef jerky
 n - 3 fruits


   Skills:
 * Level 4.8 Fighting
 - Level 2.0 Axes
 + Level 4.1 Armour
 + Level 4.4 Shields


You had 4 spell levels left.
You didn't know any spells.

Dungeon Overview and Level Annotations

Branches:
Dungeon (2/15)

Altars:


Innate Abilities, Weirdness & Mutations

You are under a permanent stasis effect.
You can dig through walls and to a lower floor.
Your four strong arms can wield two-handed weapons with a shield.
You have a pair of large antennae on your head (SInv).


Message History

The ice beast is severely wounded.
You block the ice beast's attack. The ice beast closely misses you.
You barely miss the ice beast.
The ice beast is severely wounded.
The ice beast hits you but does no damage.
You hit the ice beast but do no damage.
The ice beast is severely wounded.
You block the ice beast's attack. The ice beast hits you.
The ice beast freezes you!
* * * LOW HITPOINT WARNING * * *
You hit the ice beast but do no damage.
The ice beast is severely wounded.
The ice beast barely misses you.
You barely miss the ice beast.
The ice beast is severely wounded.
The ice beast hits you but does no damage.
The ice beast hits you.
* * * LOW HITPOINT WARNING * * *
The ice beast freezes you!
You die...

##.####..######
##.## #..#
###.## ##.#
#..## #.# ##.##
#.# #..# #.#
#.## #.# #.##
##@# ##Y# #.#
.. #.# #. ..# .
... ... .#.


You could see an ice beast.

Vanquished Creatures
  An iguana (D:4)
  A worker ant (D:4)
  2 adders
  2 dart slugs (D:1)
  3 giant geckos
  2 giant cockroaches
  3 goblins
  A hobgoblin (D:2)
  3 jackals (D:1)
  A ball python (D:2)
  4 bats
  4 kobolds (D:1)
27 creatures vanquished.

Notes
Turn   | Place    | Note
--------------------------------------------------------------
     0 | D:1      | PossumBlood the Formicid Fighter began the quest for the Orb.
     0 | D:1      | Reached XP level 1. HP: 18/18 MP: 1/1
   124 | D:1      | Reached XP level 2. HP: 24/24 MP: 2/2
   460 | D:2      | Reached XP level 3. HP: 19/30 MP: 3/3
  1113 | D:2      | You fall through a shaft for 2 floors!
  1119 | D:4      | Reached XP level 4. HP: 33/38 MP: 4/4
  1313 | D:4      | Reached XP level 5. HP: 17/43 MP: 5/5
  1558 | D:4      | Noticed an ice beast
  1577 | D:4      | Slain by an ice beast

Skill      XL: |  1  2  3  4 |
---------------+-------------+-----
Shields        | 4 |  4.4
Fighting       | 4 |  4.8
Armour         | 4 |  4.1
Axes           | |  2.0

Action                   |  1- 3 |  4- 6 || total
-------------------------+-------+-------++-------
Melee: War axe           |    87 |    31 ||   118
  Use: Scroll            |     2 |       ||     2
  Eat: Fruit             |     1 |     2 ||     3
Armor: Scale mail        |    34 |    12 ||    46
Dodge: Dodged            |    38 |     7 ||    45
Block: Shield            |    44 |    13 ||    57
